 Dungeon Crawl Stone Soup version 0.28-a0-1114-g8eb0198dcf (webtiles) character file.

Game seed: 12503712373018811218

571 ChaosChampion the Martial Artist (level 7, -5/43 HPs)
             Began as an Octopode Transmuter on Dec 11, 2021.
             Slain by a sky beast (6 damage)
             ... on level 5 of the Dungeon.
             The game lasted 00:10:20 (4561 turns).

ChaosChampion the Martial Artist (OpTm)             Turns: 4561, Time: 00:10:21

Health: -5/43      AC:  1    Str:  9    XL:     7   Next: 34%
Magic:  9/10       EV: 13    Int: 17    God:
Gold:   188        SH:  0    Dex: 13    Spells: 4/10 levels left

rFire   . . .      SeeInvis .     - Unarmed
rCold   . . .      Faith    .   (no shield)
rNeg    . . .      Spirit   .   (helmet restricted)
rPois   .          Reflect  .   (no amulet)
rElec   .          Harm     .   (no ring)
rCorr   .          Rampage  .   (no ring)
Will    .....                   (no ring)
Stlth   ++........              (no ring)
HPRegen 0.14/turn               (no ring)
MPRegen 0.12/turn               (no ring)
                                (no ring)
                                (no ring)

@: wereblooded (expiring)
A: almost no armour, amphibious, 8 rings, camouflage 1, gelatinous body 1,
(nimble swimmer 1), tentacles
a: no special abilities


You were on level 5 of the Dungeon.
You visited 1 branch of the dungeon, and saw 5 of its levels.

You collected 188 gold pieces.

Inventory:

Missiles
 n - a throwing net
Scrolls
 a - 2 scrolls of enchant armour {unknown}
 e - 4 scrolls of vulnerability {unknown}
 f - 2 scrolls of identify {unknown}
 g - a scroll of amnesia {unknown}
 i - a scroll of fog {unknown}
 k - 2 scrolls of acquirement {unknown}
 o - a scroll of enchant weapon {unknown}
Potions
 b - 3 potions of resistance {unknown}
 c - a potion of flight {unknown}
 d - a potion of attraction {unknown}
 h - a potion of brilliance {unknown}
 j - a potion of curing {unknown}
 l - 2 potions of heal wounds {unknown}
 m - 2 potions of haste {unknown}
 p - a potion of degeneration {unknown}
 q - a potion of lignification {unknown}


   Skills:
 + Level 1.2 Fighting
 + Level 2.1 Dodging
 - Level 8.0 Unarmed Combat
 + Level 2.1 Spellcasting
 * Level 2.3 Transmutations


You had 4 spell levels left.
You knew the following spells:

 Your Spells              Type           Power      Damage    Failure   Level
a - Beastly Appendage     Tmut           18%        N/A       8%          1
b - Wereblood             Tmut           9%         N/A       11%         2
c - Spider Form           Tmut/Pois      5%         N/A       34%         3

Your spell library contained the following spells:

 Spells                   Type           Power      Damage    Failure   Level
 Sandblast                Erth           2%         2d4       19%         1
 Passwall                 Tmut/Erth      4%         N/A       19%         2
 Stone Arrow              Conj/Erth      2%         3d7       50%         3
 Ice Form                 Ice/Tmut       5%         N/A       75%         4


Dungeon Overview and Level Annotations

Branches:
Dungeon (5/15)
 Temple: D:4-7

Altars:
Qazlal
Vehumet

Shops:
D:2 *


Innate Abilities, Weirdness & Mutations

You cannot wear most types of armour.
You are amphibious.
You can wear up to eight rings at the same time.
Your skin changes colour to match your surroundings (Stealth+).
Your rubbery body absorbs attacks. (AC +1, EV +1)
((You are camouflaged near water. (Stealth+)))
You have tentacles for arms and can constrict up to eight enemies at once.


Message History

You bludgeon the sky beast!
The hound barks!
You pierce the sky beast, but do no damage.
The sky beast is moderately wounded.
The sky beast barely misses you.
You barely miss the sky beast.
Your tentacle spike misses the sky beast.
The sky beast is moderately wounded.
The wyvern skeleton barely misses you.
You bludgeon the sky beast!
The sky beast is heavily wounded.
The wyvern skeleton bites you! The sky beast hits you.
The sky beast shocks you.
You barely miss the sky beast.
You pierce the sky beast, but do no damage.
The sky beast is heavily wounded.
The wyvern skeleton bites you! The sky beast hits you.
* * * LOW HITPOINT WARNING * * *
The sky beast shocks you.
* * * LOW HITPOINT WARNING * * *
Your transformation is almost over.
The wyvern skeleton barely misses you.
The sky beast flickers out of sight!
Deactivating autopickup; reactivate with Ctrl-A.
A sky beast appears from thin air!
Reactivating autopickup.
The sky beast flickers out of sight!
Deactivating autopickup; reactivate with Ctrl-A.
Your primal bloodlust is almost over.
A sky beast appears from thin air!
Reactivating autopickup.
Your tentacle spike disappears.
The sky beast flickers out of sight!
Deactivating autopickup; reactivate with Ctrl-A.
A sky beast appears from thin air!
Reactivating autopickup.
The sky beast hits you.
* * * LOW HITPOINT WARNING * * *
The sky beast shocks you.
You die...

...#......##...#
.......#.####..##
#......######..##
........##.....## ##
................# #..
##........##..##
#....###....h§..[#.##
....#........Y.#....#
....#.......@..###.....
.. #..............####...
..##.....................
....................##.##
.............######.#
.............# .#
.............# #
.>...........#
...#.#....>.#


You could see a sky beast and a hound.

Vanquished Creatures
  Menkaure (D:4)
  A necrophage (D:4)
  A centaur (D:3)
  A phantom (D:4)
  A howler monkey (D:3)
  A jelly (D:4)
  An iguana (D:5)
  3 gnolls (D:4)
  An ufetubus (D:5)
  A worm (D:3)
  4 dart slugs
  4 orcs (D:3)
  6 ball pythons
  2 bats
  7 endoplasms
  3 giant cockroaches
  6 goblins
  6 hobgoblins
  9 jackals
  9 quokkas
  2 frilled lizards (D:2)
  4 kobolds
  9 rats
83 creatures vanquished.

Vanquished Creatures (others)
  62 plants (D:3)
62 creatures vanquished.

Grand Total: 145 creatures vanquished

Notes
Turn   | Place    | Note
-------+----------+-------------------------------------------
     0 | D:1      | ChaosChampion the Octopode Transmuter began the quest for
                  | the Orb.
     0 | D:1      | Reached XP level 1. HP: 13/13 MP: 3/3
   255 | D:1      | Reached XP level 2. HP: 16/18 MP: 3/5
   258 | D:1      | Learned a level 2 spell: Wereblood
   534 | D:1      | Reached skill level 4 in Unarmed Combat
   538 | D:1      | Reached XP level 3. HP: 22/23 MP: 2/6
  1164 | D:3      | Noticed a centaur
  1349 | D:2      | Found Fihev's Assorted Antiques.
  2102 | D:3      | Learned a level 3 spell: Spider Form
  2108 | D:3      | Killed a centaur
  2109 | D:3      | Reached skill level 5 in Unarmed Combat
  2109 | D:3      | Reached XP level 4. HP: 14/28 MP: 5/7
  2109 | D:3      | Reached XP level 5. HP: 16/33 MP: 5/8
  2310 | D:3      | Reached skill level 6 in Unarmed Combat
  2325 | D:3      | Noticed an ice beast
  2622 | D:3      | Found a radiant altar of Vehumet.
  2805 | D:3      | Found a faded altar of an unknown god.
  3338 | D:4      | Noticed a water elemental
  3338 | D:4      | Found a stormy altar of Qazlal.
  3339 | D:4      | Noticed an air elemental
  3339 | D:4      | Noticed a fire elemental
  3342 | D:4      | Noticed Menkaure
  3402 | D:4      | Reached XP level 6. HP: 35/38 MP: 5/9
  3419 | D:4      | Reached skill level 7 in Unarmed Combat
  3511 | D:5      | Entered Level 5 of the Dungeon
  3519 | D:4      | Noticed a necrophage
  3695 | D:4      | Killed Menkaure
  4346 | D:4      | Reached XP level 7. HP: 43/43 MP: 4/10
  4362 | D:4      | Reached skill level 8 in Unarmed Combat
  4561 | D:5      | HP: 1/43 [sky beast (5)]
  4561 | D:5      | Slain by a sky beast

Illustrated notes

Levels and vault maps discovered:
D:1:      denvon_arrival_waterhouse, layout_basic, minmay_domino_4
D:2:      layout_loops_ring, serial_shops, nicolae_shop_trees, item_on_display_a
D:3:      wad_woods_stonehenge, layout_loops_ring,
          chequers_ecumenical_altar_simple
D:4:      layout_cave_pools, nicolae_qazlal_style_of_elements,
          serial_column_ruins, column_ruins_hut_water, column_ruins_grid_1,
          column_ruins_corridor_straight, column_ruins_open_large,
          column_ruins_columns_straight, column_ruins_open_medium,
          column_ruins_grid_1, column_ruins_grid_4, dk_noncrumbling_4,
          minmay_misc_feat_square, uniq_menkaure
D:5:      layout_cave_pools, temple_doors_e

Skill      XL: |  1  2  3  4  5  6  7 |
---------------+----------------------+-----
Unarmed Combat | 4 5 6 7 8 |  8.0
Fighting       | |  1.2
Dodging        | |  2.1
Spellcasting   | |  2.1
Transmutations | |  2.3

Action                   |  1- 3 |  4- 6 |  7- 9 || total
-------------------------+-------+-------+-------++-------
Melee: Unarmed           |    89 |    75 |    21 ||   185
       Constrict         |    30 |    18 |     3 ||    51
       Kick              |    14 |    12 |     5 ||    31
       Tentacles         |    19 |    11 |     3 ||    33
       Punch             |     3 |     4 |     2 ||     9
 Cast: Beastly Appendage |    14 |    12 |     3 ||    29
       Wereblood         |    12 |    13 |     2 ||    27
       Spider Form       |       |     2 |     1 ||     3
 Stab: Sleeping          |     3 |     1 |     2 ||     6
Armor: Skin              |     9 |       |     1 ||    10
Dodge: Dodged            |    58 |    35 |     9 ||   102

Table legend: (Time is in decaauts)
 A = Elapsed time spent in this place.
 B = Non-inter-level travel time spent in this place.
 C = Inter-level travel time spent in this place.
 D = Time resting spent in this place.
 E = Time spent auto-exploring this place.
 F = Levels seen in this place.
 G = Mean time per level.
                   A        B        C        D        E       F      G
               +--------+--------+--------+--------+--------+-----+--------+
         Total |   4551 |   4446 |    105 |    468 |   2308 |   5 |  910.2 |
       Dungeon |   4551 |   4446 |    105 |    468 |   2308 |   5 |  910.2 |
               +--------+--------+--------+--------+--------+-----+--------+

Top non-repeatable levels by time:
     D:3: 1263 daAuts
     D:2: 1173 daAuts
     D:1: 1119 daAuts
     D:4: 853 daAuts
     D:5: 141 daAuts
